 Dungeon Crawl Stone Soup version 0.24-a0-549-g45f0056d81 (webtiles) character file.

Game seed: 1515199488573891953

125 DasRunzen the Shield-Bearer (level 4, -10/41 HPs)
             Began as a Minotaur Fighter on Aug 20, 2019.
             Killed by divine providence
             ... invoked by an orc priest
              (13 damage)
             ... on level 3 of the Dungeon.
             The game lasted 00:04:37 (1481 turns).

DasRunzen the Shield-Bearer (Minotaur Fighter)      Turns: 1481, Time: 00:04:39

Health: -10/41     AC:  7    Str: 20    XL:     4   Next: 82%
Magic:  0/3        EV: 10    Int:  5    God:
Gold:   81         SH: 10    Dex: 11    Spells: 3/3 levels left

rFire    . . .     SeeInvis .   a - +0 war axe
rCold    . . .     Gourm    .   c - +1 shield
rNeg     . . .     Faith    .   b - +0 scale mail
rPois    .         Spirit   .   (helmet restricted)
rElec    .         Reflect  .   (no cloak)
rCorr    .         Harm     .   (no gloves)
MR       .....                  (no boots)
Stlth    ..........             (no amulet)
HPRegen  0.13/turn              l - +3 ring of evasion
MPRegen  0.08/turn              (no ring)

@: no status effects
A: retaliatory headbutt, horns 2
a: no special abilities


You were on level 3 of the Dungeon.
You were hungry.

You visited 1 branch of the dungeon, and saw 3 of its levels.

You collected 81 gold pieces.

Inventory:

Hand Weapons
 a - a +0 war axe (weapon)
Armour
 b - a +0 scale mail (worn)
 c - a +1 shield (worn)
Jewellery
 l - a +3 ring of evasion (left hand)
Scrolls
 e - 2 scrolls of identify
Potions
 d - a potion of might
 k - a potion of haste
Comestibles
 f - 4 rations


   Skills:
 + Level 4.5 Fighting
 + Level 3.7 Axes
 + Level 4.5 Armour
 + Level 4.6 Shields


You had 3 spell levels left.
You didn't know any spells.
Your spell library was empty.

Dungeon Overview and Level Annotations

Branches:
Dungeon (3/15)

Altars:
Nemelex Xobeh


Innate Abilities, Weirdness & Mutations

You reflexively headbutt those who attack you in melee.
You have a pair of horns on your head.


Message History

* * * LOW HITPOINT WARNING * * *
Unknown command.
You block the orc priest's attack.
Things that are here:
a cursed -3 falchion; an orc corpse You barely miss the orc priest.
The orc priest hits you with a +0 antimagic flail.
* * * LOW HITPOINT WARNING * * *
You feel your power leaking away.
You hit the orc priest. Your headbutt misses the orc priest.
The orc priest is heavily wounded.
The orc priest hits you but does no damage.
You slash the orc priest! Your headbutt misses the orc priest.
The orc priest is almost dead.
The orc priest calls down the wrath of Beogh upon you.
Pain shoots through your body!
* * * LOW HITPOINT WARNING * * *
The orc priest mumbles some strange prayers to Beogh against you.
Beogh smites you!
You die...

# #.# #. #[# .###
#.# ..# #.# #.# #.#
####.####.# #
#.........#
.####.###.##.######
......o@.....#
######.###.### #.
#.# #. #.# #. #.#
#. #.# #. #.# #.
#.#


You could see an orc priest.

Vanquished Creatures
  An orc priest (D:3)
  Jessica (D:2)
  An adder (D:2)
  A worm (D:2)
  2 dart slugs (D:2)
  A leopard gecko (D:2)
  8 orcs
  6 bats
  3 goblins
  7 hobgoblins
  7 kobolds
  A ball python (D:1)
  A frilled lizard (D:2)
  6 rats
46 creatures vanquished.

Notes
Turn   | Place    | Note
-------+----------+-------------------------------------------
     0 | D:1      | DasRunzen the Minotaur Fighter began the quest for the Orb.
     0 | D:1      | Reached XP level 1. HP: 19/19 MP: 0/0
   164 | D:1      | Reached XP level 2. HP: 27/27 MP: 1/1
   786 | D:2      | Reached XP level 3. HP: 33/33 MP: 2/2
  1007 | D:2      | Noticed Jessica
  1013 | D:2      | Killed Jessica
  1013 | D:2      | Reached XP level 4. HP: 37/40 MP: 3/3
  1364 | D:3      | Found a sparkling altar of Nemelex Xobeh.
  1481 | D:3      | Killed from afar by an orc priest

Levels and vault maps discovered:
D:1:      eino_arrival_tree_alley, layout_basic, minmay_strange_pillars
D:2:      layout_loops_ring, first_ration, minmay_misc_feat_doors,
          lemuel_flame_loot_1, uniq_jessica
D:3:      layout_loops_ring, hex_tiny, nemelex_xobeh_ov_fountains_minmay,
          uniq_terence

Skill      XL: |  1  2 |
---------------+-------+-----
Fighting       | 4 |  4.5
Axes           | 3 |  3.7
Armour         | 4 |  4.5
Shields        | 4 |  4.6

Action                   |  1- 3 |  4- 6 || total
-------------------------+-------+-------++-------
Melee: War axe           |    85 |    29 ||   114
       Headbutt          |    12 |     4 ||    16
  Use: Scroll            |     3 |     4 ||     7
  Eat: Chunk             |       |     1 ||     1
Armor: Scale mail        |    31 |     5 ||    36
Dodge: Dodged            |    33 |     8 ||    41
Block: Shield            |    51 |    11 ||    62

Table legend:
 A = Non-vault XP
 B = Vault XP
 C = Vault XP percentage of total XP
 D = Non-vault monster count
 E = Vault monster count
 F = Vault count percentage of total count
                 A         B        C        D         E       F
            +---------+---------+-------+---------+---------+-------
      Total |     142 |      37 |  20.7 |      45 |       1 |   2.2
            +---------+---------+-------+---------+---------+-------
        D:1 |      21 |       0 |   0.0 |      13 |       0 |   0.0
        D:2 |      66 |      37 |  35.9 |      26 |       1 |   3.7
        D:3 |      55 |       0 |   0.0 |       6 |       0 |   0.0
            +---------+---------+-------+---------+---------+-------
